 Dungeon Crawl Stone Soup version 0.32-a0-898-g7811c86cf0 (webtiles) character file.

Game seed: 4208791305895620983

1173 Biggs the Skirmisher (level 8, -6/61 HPs)
             Began as a Coglin Hunter on Apr 4, 2024.
             Was an Initiate of Okawaru.
             Mangled by an ice beast (10 damage)
             ... on level 6 of the Dungeon.
             The game lasted 00:05:44 (4225 turns).

Biggs the Skirmisher (Coglin Hunter)                Turns: 4225, Time: 00:05:44

Health: -6/61      AC:  5    Str: 12    XL:     8   Next: 41%
Magic:  8/8        EV: 11    Int:  8    God:    Okawaru [......]
Gold:   302        SH:  0    Dex: 20    Spells: 7/7 levels left

rFire   . . .        a - +2 sling {Consuela}
rCold   . . .        d - +0 sling {Chinhae}
rNeg    . . .        c - +0 leather armour
rPois   .            h - +0 helmet
rElec   .            (no cloak)
rCorr   .            e - +0 pair of gloves
SInv    .            (no boots)
Will    .....        (amulet unavailable)
Stlth   ++           (ring unavailable)
HPRegen 0.30/turn    (ring unavailable)
MPRegen 0.11/turn    (no gizmo)

%: no passive effects
@: revved
A: off-hand wielding, slow wielding, warmup strikes, no jewellery
a: Invent Gizmo, Renounce Religion


You were on level 6 of the Dungeon.
You worshipped Okawaru.
Okawaru was noncommittal.
You visited 1 branch of the dungeon, and saw 6 of its levels.

You collected 302 gold pieces.

Inventory:

Hand Weapons
 a - a +2 sling (weapon) {Consuela}
 d - a +0 sling (offhand) {Chinhae}
Armour
 c - a +0 leather armour (worn)
 e - a +0 pair of gloves (worn)
 h - a +0 helmet (worn)
Wands
 b - a wand of iceblast (6)
Scrolls
 f - 2 scrolls of identify
 g - a scroll of poison
 j - a scroll of silence
 k - 3 scrolls of immolation
 n - a scroll of teleportation
 r - a scroll of amnesia {unknown}
 u - a scroll of blinking {unknown}
 w - a scroll of fear {unknown}
Potions
 i - a potion of brilliance {unknown}
 l - 2 potions of might {unknown}
 m - 2 potions of heal wounds
 o - 3 potions of curing {unknown}
 p - 2 potions of berserk rage {unknown}
 q - 2 potions of attraction {unknown}
 s - a potion of degeneration {unknown}
 t - a potion of lignification {unknown}
 v - a potion of mutation {unknown}
 x - a potion of cancellation {unknown}


   Skills:
 + Level 4.5 Fighting
 - Level 9.0 Ranged Weapons
 - Level 1.7 Dodging
 - Level 0.7 Stealth


You had 7 spell levels left.
You didn't know any spells.
Your spell library contained the following spells:

 Spells                   Type           Power      Damage    Failure   Level
 Apportation              Tloc           0%         N/A       50%         1
 Necrotise                Necr           0%         1d4       50%         1
 Sting                    Conj/Alch      0%         1d3       50%         1
 Summon Small Mammal      Summ           Unusable   N/A       N/A         1

Dungeon Overview and Level Annotations

Branches:
Dungeon (6/15)
 Temple: D:4-7

Altars:
Hepliaklqana
Makhleb
Okawaru


Innate Abilities, Weirdness & Mutations

You can wield a second weapon in your off-hand.
It takes a long time for you to wield or remove held weapons.
Your first few attacks do less damage.
You cannot equip rings or amulets.


Message History

Something unseen opens the door.
A phantom comes into view.
You shoot a sling bullet. The sling bullet hits the ice beast.
The ice beast is lightly wounded.
You shoot a sling bullet. The sling bullet hits the ice beast!
The ice beast is moderately wounded.
A white imp comes into view.
The ice beast hits you but does no damage.
You shoot a sling bullet.
The sling bullet closely misses the ice beast.
The sling bullet hits the orc!
You kill the orc!
Okawaru accepts your kill.
You shoot a sling bullet. The sling bullet hits the ice beast.
The ice beast is heavily wounded.
A hound comes into view.
A jelly comes into view.
The ice beast barely misses you.
You shoot a sling bullet. The sling bullet hits the ice beast.
The ice beast is severely wounded.
You shoot a sling bullet.
The sling bullet closely misses the ice beast.
You shoot a sling bullet. The sling bullet hits the ice beast.
The ice beast is severely wounded.
You shoot a sling bullet. The sling bullet hits the ice beast.
The ice beast is almost dead.
The ice beast hits you. The ice beast freezes you!
* * * LOW HITPOINT WARNING * * *
The ice beast hits you.
* * * LOW HITPOINT WARNING * * *
The ice beast freezes you.
* * * LOW HITPOINT WARNING * * *
You shoot a sling bullet. The sling bullet hits the ice beast.
The ice beast is almost dead.
You shoot a sling bullet.
The sling bullet hits the ice beast but does no damage.
The ice beast is almost dead.
The ice beast hits you.
* * * LOW HITPOINT WARNING * * *
The ice beast freezes you!
You die...

#.... #... #..?
#####..#### (#.#
......... ....#.
#..h..#### #.....#
#...##.)# #.....#
#@##...# ## #.....##
#Y#...# #. .......##
+#5#'Y# #.
##.....###J..###..
#.###..........ß........
##..........###W..###....
#..........## '#.#' .#
#.#.......## .#.#..
#.........# #.##.


You could see an ice beast, a phantom, a hound, a jelly and a white imp.

Vanquished Creatures
  A water moccasin (D:6)
  A black bear (D:4)
  An ice beast (D:5)
  A sky beast (D:5)
  2 phantoms (D:4)
  A scorpion (D:5)
  2 howler monkeys
  A gnoll bouda (D:5)
  2 hounds
  A jelly (D:5)
  A bombardier beetle (D:4)
  An iguana (D:4)
  Ijyb (D:4)
  Robin (D:5)
  8 gnolls
  8 adders
  A shadow imp (D:5)
  A white imp (D:6)
  3 dart slugs
  2 ribbon worms (D:2)
  11 orcs
  5 ball pythons
  3 bats
  13 endoplasms
  2 giant cockroaches (D:2)
  9 hobgoblins
  2 jackals (D:1)
  7 kobolds
  4 quokkas
  3 frilled lizards
  16 goblins
  11 rats
126 creatures vanquished.

Notes
Turn   | Place    | Note
-------+----------+-------------------------------------------
     0 | D:1      | Biggs the Coglin Hunter began the quest for the Orb.
     0 | D:1      | Reached XP level 1. HP: 16/16 MP: 1/1
    19 | D:1      | Found a faded altar of an unknown god.
    58 | D:1      | Reached skill level 4 in Ranged Weapons
    58 | D:1      | Reached XP level 2. HP: 22/22 MP: 2/2
   340 | D:1      | Reached XP level 3. HP: 27/27 MP: 3/3
   954 | D:2      | Reached skill level 5 in Ranged Weapons
   954 | D:2      | Reached XP level 4. HP: 33/33 MP: 4/4
  1541 | D:3      | Found a hazy altar of Hepliaklqana.
  1617 | D:3      | Reached XP level 5. HP: 38/38 MP: 5/5
  1632 | D:3      | Found a burning altar of Makhleb.
  1871 | D:4      | Noticed a phantom
  1878 | D:4      | Killed a phantom
  1879 | D:4      | Reached skill level 6 in Ranged Weapons
  1879 | D:4      | Reached XP level 6. HP: 44/44 MP: 6/6
  1903 | D:4      | Reached skill level 7 in Ranged Weapons
  2327 | D:4      | Noticed a black bear
  2333 | D:4      | Killed a black bear
  2334 | D:4      | Reached XP level 7. HP: 50/50 MP: 7/7
  2422 | D:4      | Found Ihudgh's Armour Shop.
  2549 | D:5      | Entered Level 5 of the Dungeon
  2553 | D:5      | Noticed Ijyb
  2554 | D:5      | Noticed Robin
  2571 | D:4      | HP: 1/50 [gnoll/+0 flail[a gnoll bouda] (7)]
  2785 | D:4      | Killed Ijyb
  2879 | D:4      | Reached skill level 8 in Ranged Weapons
  2983 | D:5      | Killed Robin
  3507 | D:5      | Reached skill level 9 in Ranged Weapons
  3507 | D:5      | Reached XP level 8. HP: 45/57 MP: 8/8
  3800 | D:5      | Found an iron altar of Okawaru.
  3852 | D:5      | Became a worshipper of Warmaster Okawaru
  4225 | D:6      | Mangled by an ice beast

Illustrated notes

Levels and vault maps discovered:
D:1:      dpeg_arrival_tiny_i, layout_basic, chequers_ecumenical_altar_island
D:2:      layout_basic
D:3:      layout_rooms, mainiacjoe_overflow_cross_hatched,
          nicolae_hepliaklqana_hazy_memory
D:4:      layout_loops_ring, serial_shops, kennysheep_mini_moat
D:5:      layout_loops_corners, lemuel_coloured_pillars_altar,
          nicolae_goblin_pals
D:6:      cheibrodos_barr_body, layout_basic, nicolae_sif_muna_condensation,
          nicolae_overflow_hidden_temple, serial_shops, kennysheep_mini,
          uniq_eustachio, uniq_maggie

Skill      XL: |  1  2  3  4  5  6  7  8 |
---------------+-------------------------+-----
Ranged Weapons | 4 5 6 7 9 |  9.0
Fighting       | 4 |  4.5
Dodging        | |  1.7
Stealth        | |  0.7

Action                     |  1- 3 |  4- 6 |  7- 9 || total
---------------------------+-------+-------+-------++-------
  Melee: Sling             |       |       |     8 ||     8
   Fire: Sling             |   134 |   278 |   264 ||   676
    Use: Scroll            |       |     4 |     2 ||     6
         Potion            |       |       |     2 ||     2
 Armour: Leather armour    |     4 |    28 |    84 ||   116
  Dodge: Dodged            |    11 |    28 |    43 ||    82

Table legend: (Time is in decaauts)
 A = Elapsed time spent in this place.
 B = Non-inter-level travel time spent in this place.
 C = Inter-level travel time spent in this place.
 D = Time resting spent in this place.
 E = Time spent auto-exploring this place.
 F = Levels seen in this place.
 G = Mean time per level.
                   A        B        C        D        E       F      G
               +--------+--------+--------+--------+--------+-----+--------+
         Total |   4274 |   4002 |    272 |     91 |   3280 |   6 |  712.3 |
       Dungeon |   4274 |   4002 |    272 |     91 |   3280 |   6 |  712.3 |
               +--------+--------+--------+--------+--------+-----+--------+

Top non-repeatable levels by time:
     D:5: 1215 daAuts
     D:4: 1103 daAuts
     D:1: 771 daAuts
     D:2: 627 daAuts
     D:3: 502 daAuts
     D:6: 54 daAuts
